 Dungeon Crawl Stone Soup version 0.21-a0-358-g8928369 (webtiles) character file.

12 Dfrag the Firebug (level 2, 7/19 HPs)
             Began as a Demonspawn Fire Elementalist on Oct 13, 2017.
             Quit the game on level 1 of the Dungeon.
             The game lasted 00:00:45 (304 turns).

Dfrag the Firebug (Demonspawn Fire Elementalist)     Turns: 304, Time: 00:00:45

Health: 7/19       AC:  2    Str:  8    XL:     2   Next: 20%
Magic:  3/5        EV: 12    Int: 16    God:
Gold:   26         SH:  0    Dex: 13    Spells: 4/5 levels left

rFire    + . .     SeeInvis .   (no weapon)
rCold    x . .     Gourm    .   (no shield)
rNeg     . . .     Faith    .   a - +0 robe
rPois    .         Spirit   .   (no helmet)
rElec    .         Reflect  .   (no cloak)
rCorr    .         Harm     .   (no gloves)
MR       .....                  (no boots)
Stlth    ++........             (no amulet)
HPRegen  0.06/turn              i - ring of fire
MPRegen  0.09/turn              (no ring)

@: no status effects
A: powered by pain 1
a: no special abilities


You were on level 1 of the Dungeon.
You were not hungry.

You visited 1 branch of the dungeon, and saw 1 of its levels.

You collected 26 gold pieces.

Inventory:

Armour
 a - a +0 robe (worn)
Jewellery
 i - a ring of fire (left hand)
 j - an uncursed ring of magical power {unknown}
Scrolls
 g - 4 scrolls of teleportation {unknown}
 k - a scroll of enchant armour {unknown}
Potions
 d - a potion of flight {unknown}
 e - a potion of agility {unknown}
 h - a potion of lignification {unknown}
Books
 b - a book of Flames

   Spells                             Type                      Level
   a - Flame Tongue                   Conjuration/Fire             1
   b - Throw Flame                    Conjuration/Fire             2
   c - Conjure Flame                  Conjuration/Fire             3
   d - Inner Flame                    Hexes/Fire                   3
   e - Sticky Flame                   Conjuration/Fire             4
   f - Fireball                       Conjuration/Fire             5
Comestibles
 c - a bread ration
 f - a royal jelly


   Skills:
 - Level 1.7 Dodging
 - Level 1.7 Stealth
 + Level 2.2 Spellcasting
 + Level 1.4 Conjurations
 + Level 2.9 Fire Magic


You had 4 spell levels left.
You knew the following spells:

 Your Spells              Type           Power        Failure   Level  Hunger
a - Flame Tongue          Conj/Fire      ##...        9%          1    #......


Dungeon Overview and Level Annotations

Branches:
Dungeon (1/15)

Altars:


Innate Abilities, Weirdness & Mutations

You sometimes gain a little power by taking damage.


Message History

The rat barely misses you. The rat closely misses you.
The rat barely misses you. The rat bites you. The rat closely misses you.
The rat bites you. The rat bites you but does no damage.
The rat barely misses you. The rat barely misses you. The rat bites you.
The rat bites you but does no damage. The rat bites you.
Casting: Flame Tongue
Confirm with . or Enter, or press ? or * to list all spells.
Aiming: Flame Tongue
Press: ? - help, Shift-Dir - straight line, f - rat
Aim: a rat You feel a surge of power!
The flame tongue hits the rat.
You kill the rat!
Are you sure you want to abandon this character and quit the game? (Confirm with "yes".)

...P..#
#...).........
####..#
#..........#.
...#..#
#.......†..#
...#..#
#..........#
...#..#
#..........#
...#..#
##........##
#### #
#......(..#
#.........#..
#....@.......
#............
#.............
...#.......#...
#####.....#####
#######


There were no monsters in sight!

Vanquished Creatures
  A dart slug (D:1)
  A bat (D:1)
  3 goblins (D:1)
  A hobgoblin (D:1)
  A frilled lizard (D:1)
  A kobold (D:1)
  2 rats (D:1)
10 creatures vanquished.

Notes
Turn   | Place    | Note
-------+----------+-------------------------------------------
     0 | D:1      | Dfrag the Demonspawn Fire Elementalist began the quest for the Orb.
     0 | D:1      | Reached XP level 1. HP: 13/13 MP: 3/3
   223 | D:1      | Gained mutation: You sometimes gain a little power by taking damage. [demonic ancestry]
   223 | D:1      | Reached XP level 2. HP: 13/19 MP: 1/5
   304 | D:1      | Quit the game

Vault maps used:
D:1:      evilmike_arrival_home_sweet_home, serial_bayou, serial_bayou_shore_a,
          serial_bayou_lagoon_a, serial_bayou_crossing, serial_bayou_pond_b

Action                   || total
-------------------------++-------
Melee: Unarmed           ||     9
 Cast: Flame Tongue      ||    15
Armor: Robe              ||     8
Dodge: Dodged            ||    18

Table legend:
 A = Spawn XP
 B = Non-spawn XP
 C = Spawn XP percentage of total XP
 D = Spawn monster count
 E = Non-spawn monster count
 F = Spawn count percentage of total count
 G = Total turns spent on level
                    A         B        C        D         E        F      G
               +---------+---------+-------+---------+---------+-------+---------
         Total |       0 |      18 |   0.0 |       0 |      10 |   0.0 |   304
               +---------+---------+-------+---------+---------+-------+---------
           D:1 |       0 |      18 |   0.0 |       0 |      10 |   0.0 |   304
               +---------+---------+-------+---------+---------+-------+---------
